 Dungeon Crawl Stone Soup version 0.30.0-29-ga12c61a403 (webtiles) character file.

Game seed: 12489312237484092027

1050 monsoonserge the Cutter (level 8, -5/42 (58) HPs)
             Began as a Merfolk Gladiator on June 17, 2023.
             Was an Initiate of Gozag.
             Slain by a wight
             ... wielding a +4 war axe
              (7 damage)
             ... on level 5 of the Dungeon.
             The game lasted 00:15:50 (6056 turns).

monsoonserge the Cutter (Merfolk Gladiator)         Turns: 6056, Time: 00:15:52

HP:   -5/42 (58)    AC:  6    Str: 14    XL:     8   Next: 26%
MP:   11/11         EV: 14    Int:  8    God:    Gozag
Gold: 436           SH:  0    Dex: 17    Spells: 9/11 levels left

rFire   . . .        a - +2 rapier (freeze)
rCold   . . .        (no shield)
rNeg    . . .        D - +0 leather armour
rPois   .            c - +0 helmet
rElec   .            j - +0 cloak
rCorr   .            H - +0 pair of gloves
SInv    .            (no boots)
Will    .....        (no amulet)
Stlth   ++           (no ring)
HPRegen 0.27/turn    (no ring)
MPRegen 0.12/turn

%: no passive effects
@: hasted, very heavily drained, very quick
A: (nimble swimmer 2), mertail
a: Renounce Religion, Potion Petition, Call Merchant, Bribe Branch


You were on level 5 of the Dungeon.
You worshipped Gozag.
Gozag was aware of your devotion.
You visited 2 branches of the dungeon, and saw 7 of its levels.

You collected 591 gold pieces.
You spent 84 gold pieces at shops.
You paid 71 gold pieces to Gozag.

Inventory:

Hand Weapons
 a - a +2 rapier of freezing (weapon)
 b - the +6 sling of Xolaphix {heavy, rPois Will++ Str-3 Dex+2}
   (You found it on level 5 of the Dungeon)

   Str:       It affects your strength (-3).
   Dex:       It affects your dexterity (+2).
   rPois:     It protects you from poison.
   Will:      It greatly increases your willpower.
 r - a +0 long sword
 v - a +0 sling
 I - a +2 heavy falchion
Missiles
 d - 2 throwing nets
 e - a javelin
 f - 6 boomerangs (quivered)
 l - 4 curare-tipped darts
 C - 4 boomerangs of dispersal
Armour
 c - a +0 helmet (worn)
 j - a +0 cloak (worn)
 o - a +0 chain mail
 p - a +0 scale mail
 D - a +0 leather armour (worn)
 H - a +0 pair of gloves (worn)
Wands
 y - a wand of flame (3)
Scrolls
 g - 9 scrolls of identify {unknown}
 h - 3 scrolls of fear
 q - 2 scrolls of poison {unknown}
 s - a scroll of torment {unknown}
 t - 3 scrolls of blinking {unknown}
 u - 2 scrolls of immolation {unknown}
 w - 2 scrolls of teleportation
 z - a scroll of fog {unknown}
 E - a scroll of magic mapping {unknown}
Potions
 i - 2 potions of flight {unknown}
 k - 2 potions of haste
 m - 3 potions of curing {unknown}
 n - 2 potions of heal wounds
 x - 3 potions of lignification {unknown}
 A - 2 potions of experience {unknown}
 B - 2 potions of cancellation {unknown}
 F - 2 potions of attraction {unknown}
 G - a potion of mutation {unknown}


   Skills:
 + Level 3.2 Fighting
 * Level 5.2(6.2) Short Blades
 + Level 4.9(6.0) Long Blades
 + Level 0.9 Ranged Weapons
 + Level 2.2 Throwing
 * Level 2.4 Armour
 + Level 4.8 Dodging
 + Level 2.0 Stealth
 * Level 2.4 Spellcasting
 * Level 2.7 Hexes
 * Level 3.0 Ice Magic
 + Level 0.3 Evocations


You had 9 spell levels left.
You knew the following spells:

 Your Spells              Type           Power      Damage    Failure   Level
a - Ensorcelled Hibernat  Hex/Ice        10%        N/A       21%         2

Your spell library contained the following spells:

 Spells                   Type           Power      Damage    Failure   Level
 Passwall                 Tmut/Erth      0%         N/A       54%         2
 Swiftness                Air            0%         N/A       77%         3


Dungeon Overview and Level Annotations

Branches:
Dungeon (6/15)             Temple (1/1) D:5

Altars:
Ashenzari
Cheibriados
Dithmenos
Elyvilon
Fedhas
Gozag
Hepliaklqana
Kikubaaqudgha
Makhleb
Nemelex Xobeh
Okawaru
Ru
Sif Muna
Vehumet
Xom
Yredelemnul
Zin

Shops:
D:1 ?


Innate Abilities, Weirdness & Mutations

((You are very nimble when in or above water. (Stealth+, EV+, Speed+++)))
Your lower body shifts to a powerful aquatic tail in water.


Message History

The wight closely misses you. The wight barely misses you.
You hit the wight but do no damage.
The wight is moderately damaged.
The wight hits you with a +0 great sword.
The wight hits you with a +4 war axe!
You feel drained.
You closely miss the wight.
The wight is moderately damaged.
The wight barely misses you. The wight hits you with a +4 war axe.
You hit the wight.
The wight is heavily damaged.
The wight hits you with a +0 great sword!
* * * LOW HITPOINT WARNING * * *
You feel drained.
* * * LOW HITPOINT WARNING * * *
The wight barely misses you.
It was a potion of heal wounds.
You feel much better.
The wight hits you with a +0 great sword.
The wight misses you.
It was a potion of haste.
You feel yourself speed up. The wight completely misses you.
The wight hits you with a +4 war axe!
You feel drained.
You hit the wight but do no damage.
The wight is heavily damaged.
The wight hits you with a +0 great sword.
* * * LOW HITPOINT WARNING * * *
The wight barely misses you.
Unknown command.
You feel much better.
You hit the wight.
The wight is almost destroyed.
The wight misses you. The wight hits you with a +4 war axe!
You feel drained.
You barely miss the wight.
The wight is almost destroyed.
You barely miss the wight.
The wight is almost destroyed.
The wight barely misses you. The wight hits you with a +4 war axe!!
* * * LOW HITPOINT WARNING * * *
You feel drained.
You die...
Your body crumbles into a pile of gold.

.............## #.............
..............# #.............
..............# #...##........
##............######...###.......
##.............##..#...# ###.###+
###............#.......# #.# #.
#....................## #.###.
##......#....z.[......## #.'.._
##....###....@[.......# #.####
###### #...z.........###.# ##
#..............##.####
#..............##..... #####
#..............##..... #...##
##.............#..#### .....#
#..............### .....#
#......)......## .....#
##............#


You could see 2 wights.

Vanquished Creatures
  A sky beast (D:6)
  An ice beast (D:3)
  2 ogres
  2 phantoms
  A scorpion (D:6)
  2 wights (D:5)
  A howler monkey (D:6)
  2 jellies
  3 iguanas
  A sleepcap (D:5)
  Jessica (D:3)
  3 orc wizards (D:4)
  A white imp (D:6)
  2 dart slugs
  6 orcs
  6 ball pythons
  6 endoplasms
  5 giant cockroaches
  4 goblins
  9 hobgoblins
  6 jackals
  8 kobolds
  2 quokkas
  2 bats
  4 frilled lizards
  4 rats
85 creatures vanquished.

Vanquished Creatures (others)
  A human (D:4)
1 creature vanquished.

Grand Total: 86 creatures vanquished

Notes
Turn   | Place    | Note
-------+----------+-------------------------------------------
     0 | D:1      | monsoonserge the Merfolk Gladiator began the quest for the
                  | Orb.
     0 | D:1      | Reached XP level 1. HP: 16/16 MP: 1/1
    82 | D:1      | Reached XP level 2. HP: 18/22 MP: 2/2
   346 | D:1      | Found Kupaumer's Magic Scroll Boutique.
   362 | D:1      | Reached XP level 3. HP: 25/28 MP: 3/3
  1061 | D:2      | You fall into a shaft and drop 1 floor!
  1692 | D:1      | Bought a scroll of fear for 48 gold pieces
  1947 | D:3      | Found an opulent altar of Gozag.
  1950 | D:3      | Found an opulent altar of Gozag.
  1950 | D:3      | Found an opulent altar of Gozag.
  1959 | D:3      | Found an opulent altar of Gozag.
  1974 | D:3      | Noticed Jessica
  1980 | D:3      | Killed Jessica
  1981 | D:3      | Reached skill level 1 in Short Blades
  1981 | D:3      | Reached XP level 4. HP: 33/34 MP: 4/4
  1999 | D:3      | Learned a level 2 spell: Ensorcelled Hibernation
  2081 | D:3      | Found a radiant altar of Vehumet.
  2540 | D:4      | Noticed an ice beast
  2540 | D:4      | Noticed an ogre
  2580 | D:4      | Found an ancient bone altar of Kikubaaqudgha.
  2587 | D:4      | Noticed a human
  2590 | D:4      | Killed a human
  2618 | D:4      | Found a blossoming altar of Fedhas.
  2715 | D:3      | Became a worshipper of Gozag Ym Sagoz the Greedy
  2779 | D:3      | Killed an ice beast
  2780 | D:3      | Reached skill level 2 in Short Blades
  2780 | D:3      | Reached skill level 1 in Armour
  2780 | D:3      | Reached XP level 5. HP: 12/39 MP: 5/5
  2889 | D:4      | Found a shimmering blue altar of Sif Muna.
  3063 | D:1      | Bought a scroll of teleportation for 36 gold pieces
  3214 | D:4      | Reached skill level 1 in Ice Magic
  3258 | D:4      | Reached XP level 6. HP: 23/46 MP: 7/7
  3386 | D:4      | Found a hazy altar of Hepliaklqana.
  3399 | D:4      | Reached skill level 3 in Short Blades
  3399 | D:4      | Reached skill level 1 in Stealth
  3399 | D:4      | Reached skill level 1 in Spellcasting
  3399 | D:4      | Reached skill level 1 in Hexes
  3663 | D:4      | Found a broken altar of Ashenzari.
  3999 | D:5      | Entered Level 5 of the Dungeon
  4022 | D:5      | Reached XP level 7. HP: 23/51 MP: 8/8
  4134 | D:5      | Found a white marble altar of Elyvilon.
  4220 | D:5      | Found an iron altar of Okawaru.
  4458 | D:5      | Found a sacrificial altar of Ru.
  4483 | D:5      | Found a staircase to the Ecumenical Temple.
  4507 | D:5      | Identified the +6 sling of Xolaphix {heavy, rPois Will++
                  | Str-3 Dex+2}
  4532 | Temple   | Entered the Ecumenical Temple
  4683 | D:5      | Found a burning altar of Makhleb.
  4901 | D:5      | Reached skill level 4 in Short Blades
  5472 | D:6      | Reached skill level 5 in Short Blades
  5472 | D:6      | Reached XP level 8. HP: 17/58 MP: 9/11
  6056 | D:5      | HP: 2/44 [wight/+4 war axe (18)]
  6056 | D:5      | Slain by a wight

Illustrated notes

Levels and vault maps discovered:
D:1:      dpeg_arrival_simpleton_b, layout_basic, serial_shops, shop
D:2:      layout_basic, st_stairs_13, serial_park_tiny_pond
D:3:      layout_loops_corners, nicolae_gozag_conspicuous_consumption,
          vehumet_altar_wand_db, uniq_jessica
D:4:      layout_basic, mainiacjoe_overflow_tiny_flanked, fedhas_ov_isle_minmay,
          nicolae_hepliaklqana_hazy_memory, tgw_kikubaaqudgha,
          lemuel_tele_altar, kennysheep_cluttered_room
D:5:      layout_cave_pods, amcnicky_altar_gilded, okawaru_metal_pillars_1_2,
          general_overflow_altar, lemuel_doored_altar, minmay_temple_entry_grid
D:6:      layout_layer_cave, nicolae_elemental_shop
Temple:   nicolae_temple_superstar

Skill      XL: |  1  2  3  4  5  6  7  8 |
---------------+-------------------------+-----
Long Blades    | 4 |  4.9
Short Blades   | 1 2 3 5 |  5.2
Armour         | 1 2 |  2.4
Ice Magic      | 1 2 3 |  3.0
Stealth        | 1 2 |  2.0
Spellcasting   | 1 2 |  2.4
Hexes          | 1 2 |  2.7
Fighting       | 3 |  3.2
Ranged Weapons | |  0.9
Throwing       | |  2.2
Dodging        | |  4.8
Evocations     | |  0.3

Action                     |  1- 3 |  4- 6 |  7- 9 || total
---------------------------+-------+-------+-------++-------
  Melee: Long sword        |    47 |       |       ||    47
         Punch             |     1 |     2 |     2 ||     5
         Rapier            |    48 |    84 |    90 ||   222
   Fire: Sling             |       |       |    19 ||    19
  Throw: Throwing net      |       |     1 |       ||     1
         Boomerang         |       |     2 |     2 ||     4
   Cast: Ensorcelled Hiber |       |       |     1 ||     1
  Evoke: Wand              |       |     5 |       ||     5
    Use: Potion            |       |       |     3 ||     3
   Stab: Sleeping          |       |     3 |       ||     3
         Distracted        |       |       |     1 ||     1
 Armour: Leather armour    |     9 |    16 |    13 ||    38
         Scale mail        |    18 |       |       ||    18
         Chain mail        |     3 |       |       ||     3
  Dodge: Dodged            |    63 |    59 |    58 ||   180
